 Dungeon Crawl Stone Soup version 0.18.2-3-g5ac21b8443 (webtiles) character file.

150 Crauler the Chucker (level 5, -5/54 HPs)
             Began as an Ogre Hunter on Oct 30, 2023.
             Was an Initiate of Okawaru.
             Slain by a river rat (7 damage)
             ... on level 3 of the Dungeon.
             The game lasted 00:10:09 (2849 turns).

Crauler the Chucker (Ogre Hunter)                   Turns: 2849, Time: 00:10:10

Health: -5/54      AC:  4    Str: 17    XL:     5   Next: 32%
Magic:  0/5        EV: 10    Int: 10    God:    Okawaru [......]
Gold:   154        SH:  0    Dex: 11    Spells: 0 memorised, 4 levels left

rFire  . . .     SeeInvis .     p - +0 flail
rCold  . . .     Gourm    .     b - +0 robe
rNeg   . . .     Faith    .     (no shield)
rPois  .         Spirit   +     (helmet restricted)
rElec  .         Dismiss  .     o - +0 cloak
rCorr  .         Reflect  .     (gloves unavailable)
SustAt .         Harm     .     (boots unavailable)
MR     .....                    n - amulet of guardian spirit
Stlth  +.........               (no ring)
                                (no ring)

@: not resistant to hostile enchantments, very unstealthy
A: unfitting armour, tough skin 1
a: Renounce Religion


You were on level 3 of the Dungeon.
You worshipped Okawaru.
Okawaru was noncommittal.
You were hungry.

You visited 1 branch of the dungeon, and saw 3 of its levels.

You collected 154 gold pieces.

Inventory:

Hand Weapons
 a - a +0 short sword
 i - a +0 club
 p - a +0 flail (weapon)
Missiles
 c - 4 large rocks (quivered)
 d - 2 throwing nets
Armour
 b - a +0 robe (worn)
 o - a +0 cloak (worn)
Jewellery
 n - an amulet of guardian spirit (around neck)
Wands
 v - a wand of acid (8/15)
Scrolls
 g - 2 scrolls of identify {unknown}
 k - a scroll of enchant weapon {unknown}
 l - a scroll of amnesia {unknown}
Potions
 e - 2 potions of degeneration {unknown}
 h - 2 potions of lignification {unknown}
 j - 3 potions of curing {unknown}
 s - 2 potions of heal wounds {unknown}
 t - a potion of cancellation {unknown}
Comestibles
 f - a bread ration
 m - 5 chunks of flesh
 q - a meat ration
 r - a beef jerky
 u - a royal jelly


   Skills:
 + Level 4.0 Fighting
 - Level 0.1 Short Blades
 * Level 3.1 Maces & Flails
 + Level 4.8 Throwing
 + Level 2.6 Dodging
 - Level 0.7 Stealth


You had 4 spell levels left.
You didn't know any spells.

Dungeon Overview and Level Annotations

Branches:
Dungeon (3/15)

Altars:
Makhleb
Okawaru
Zin

Annotations:
D:2 Robin


Innate Abilities, Weirdness & Mutations

You are too large for most types of armour.
You have tough skin (AC +1).


Message History

You barely miss the giant gecko. The giant gecko bites you.
* * * LOW HITPOINT WARNING * * *
The giant gecko barely misses you.
You miss the giant gecko.
The giant gecko bites you but does no damage.
You miss the giant gecko. The giant gecko bites you.
* * * LOW HITPOINT WARNING * * *
The giant gecko bites you.
You miss the giant gecko. The giant gecko bites you.
* * * LOW HITPOINT WARNING * * *
You sock the giant gecko!
You kill the giant gecko!
Okawaru accepts your kill.
You closely miss the river rat. The river rat bites you.
* * * LOW HITPOINT WARNING * * *
The river rat bites you.
* * * LOW HITPOINT WARNING * * *
You hit the river rat but do no damage. The river rat barely misses you.
You closely miss the river rat. The river rat bites you!
You die...

###?... ##......
##########.......
##≈.≈≈≈≈.≈#.......
#≈########.....?..
#≈# ##...$... #.#
#....... #≈#
#....... #@#
#....... #r#
#.......
#r#######≈#.......
##r($r≈r≈##....(.$
( #########(.......
..## #.((......
.....## ##...(.)..
.$.....####........
#...........#....†.


You could see 2 river rats and a rat.

Vanquished Creatures
  Jessica (D:2)
  4 adders (D:2)
  An ooze (D:1)
  A worm (D:3)
  3 dart slugs
  5 giant geckos
  An orc (D:3)
  8 bats
  3 giant cockroaches (D:1)
  14 goblins
  5 hobgoblins
  2 jackals
  8 giant newts (D:3)
  6 kobolds
  7 rats
  A butterfly (D:1)
70 creatures vanquished.

Notes
Turn   | Place    | Note
--------------------------------------------------------------
     0 | D:1      | Crauler the Ogre Hunter began the quest for the Orb.
     0 | D:1      | Reached XP level 1. HP: 22/22 MP: 1/1
   340 | D:1      | Reached XP level 2. HP: 29/29 MP: 2/2
   501 | D:1      | Reached skill level 1 in Maces & Flails
   560 | D:1      | Reached XP level 3. HP: 31/37 MP: 3/3
  1105 | D:2      | Noticed Robin
  1257 | D:2      | Found a glowing silver altar of Zin.
  1257 | D:2      | Found a burning altar of Makhleb.
  1258 | D:2      | Noticed a green death
  1258 | D:2      | Noticed an angel
  1409 | D:2      | Found an iron altar of Okawaru.
  1419 | D:2      | Became a worshipper of Warmaster Okawaru
  1429 | D:2      | Reached XP level 4. HP: 45/45 MP: 4/4
  2025 | D:2      | Noticed Jessica
  2030 | D:2      | Killed Jessica
  2360 | D:2      | Reached XP level 5. HP: 54/54 MP: 5/5
  2847 | D:3      | HP: 1/54 [river rat (3)]
  2849 | D:3      | Slain by a river rat

Skill      XL: |  1  2  3  4  5 |
---------------+----------------+-----
Dodging        | 2 |  2.6
Fighting       | 3 4 |  4.0
Maces & Flails | 1 2 3 |  3.1
Short Blades   | |  0.1
Throwing       | |  4.8
Stealth        | |  0.7

Action                   |  1- 3 |  4- 6 || total
-------------------------+-------+-------++-------
Melee: Short sword       |    88 |       ||    88
       Flail             |    14 |   164 ||   178
       Club              |     8 |     9 ||    17
Throw: Large rock        |       |     3 ||     3
 Stab: Sleeping          |     3 |     1 ||     4
  Eat: Chunk             |     2 |     4 ||     6
Armor: Robe              |    42 |    72 ||   114
Dodge: Dodged            |    66 |   144 ||   210
